AoeStats
← Eugenius

Lombardia

508973609Analyzed
2v2 RM · 9d ago on Sep 24, 2026· 61m 36s· 4 players
Game mode
Random Map
Map size
Medium (4 player)
Population
200
Speed
Normal
Resources
Standard
Victory
Conquest
Starting age
Dark Age
Ending age
Imperial Age
RankedLock teamsTeams togetherTeam positionsShared explorationLock speedFull tech treeHidden civsTurbo modeCheats
Victory
Defeat
🇩🇪 Mongols · Germany
1782
+19
🇩🇪 Persians · Germany
1774
+19
🇷🇺 Magyars · Russia
1914
-22
🇦🇺 Lithuanians · Australia
1774
-16
Lukas_AoE
9:57 Feudal Age
9:00 Loom
14:31 Castle Age
12:57 Fletching
15:17 Bodkin Arrow
15:20 Double-Bit Axe
18:47 Horse Collar
19:43 Padded Archer Armor
21:41 Ballistics
23:12 Bow Saw
23:05 Town Watch
23:58 Wheelbarrow
25:16 Husbandry
25:58 Bloodlines
28:02 Leather Archer Armor
28:12 Gold Mining
28:12 Stone Mining
31:50 Imperial Age
30:17 Hand Cart
31:00 Leather Archer Armor
32:34 Bracer
33:36 Chemistry
34:04 Thumb Ring
34:14 Heavy Plow
35:08 Parthian Tactics
36:23 Stone Shaft Mining
36:24 Gold Shaft Mining
36:40 Elite Mangudai
38:57 Masonry
39:30 Conscription
40:20 Caravan
40:18 Capped Ram
41:48 Siege Ram
42:56 Drill
42:37 Nomads
43:56 Hoardings
46:25 Siege Engineers
49:12 Coinage
49:29 Fortified Wall
49:14 Murder Holes
50:41 Onager
53:58 Banking
53:30 Siege Onager
57:38 Banking
WARChris
6:19 Loom
8:33 Feudal Age
10:02 Double-Bit Axe
18:36 Castle Age
16:43 Horse Collar
17:26 Scale Barding Armor
17:31 Gold Mining
18:26 Forging
18:51 Bloodlines
20:02 Heavy Plow
23:12 Husbandry
24:04 Bow Saw
29:51 Wheelbarrow
29:02 Town Watch
35:10 Imperial Age
33:30 Hand Cart
34:55 Cavalier
35:57 Chain Barding Armor
36:55 Gold Shaft Mining
37:13 Plate Barding Armor
36:42 Savar
39:56 Iron Casting
40:16 Light Cavalry
44:20 Blast Furnace
43:02 Hussar
45:06 Caravan
45:43 Crop Rotation
46:16 Two-Man Saw
48:21 Stone Mining
53:44 Masonry
54:33 Conscription
55:43 Citadels
Kaydos
6:00 Loom
8:27 Feudal Age
9:30 Double-Bit Axe
10:32 Horse Collar
11:52 Horse Collar
19:43 Castle Age
19:48 Bloodlines
19:44 Scale Barding Armor
21:22 Chain Barding Armor
23:26 Wheelbarrow
30:15 Husbandry
32:32 Hand Cart
32:19 Town Watch
36:27 Imperial Age
36:16 Fortified Wall
37:35 Conscription
38:17 Plate Barding Armor
39:00 Forging
40:55 Fletching
41:09 Hill Forts
41:49 Bodkin Arrow
42:59 Bow Saw
43:49 Elite Leitis
45:42 Iron Casting
45:07 Bracer
45:41 Masonry
45:58 Heavy Plow
46:29 Caravan
48:09 Chemistry
48:04 Hoardings
48:51 Devotion
49:57 Architecture
49:48 Light Cavalry
49:58 Light Cavalry
53:28 Guilds
55:19 Ballistics
56:30 Town Patrol
57:51 Two-Man Saw
57:26 Crop Rotation
60:19 Cavalier
Eugenius
9:14 Loom
11:39 Feudal Age
16:09 Castle Age
14:45 Double-Bit Axe
15:06 Horse Collar
17:53 Fletching
18:47 Padded Archer Armor
19:18 Bodkin Arrow
20:08 Husbandry
21:29 Bow Saw
22:56 Padded Archer Armor
24:31 Ballistics
25:44 Wheelbarrow
25:36 Thumb Ring
25:57 Bloodlines
27:03 Gold Mining
31:27 Stone Mining
32:58 Leather Archer Armor
35:44 Imperial Age
36:03 Hand Cart
36:30 Bracer
37:00 Ring Archer Armor
35:52 Heavy Cavalry Archer
36:57 Parthian Tactics
37:38 Parthian Tactics
38:26 Chemistry
40:06 Gold Shaft Mining
39:57 Recurve Bow
40:18 Conscription
43:56 Scale Barding Armor
44:19 Caravan
43:56 Light Cavalry
44:57 Chain Barding Armor
45:30 Masonry
45:18 Herbal Medicine
45:30 Town Watch
46:22 Plate Barding Armor
45:53 Hussar
47:23 Corvinian Army
49:00 Hoardings
48:40 Elite Magyar Huszar
49:48 Town Patrol
51:37 Two-Man Saw
Connection lost

Rejoining the realm…

Still unreachable

The connection could not be restored.

Session expired

The server has moved on; the page needs a fresh start.